 Dungeon Crawl Stone Soup version 0.27-a0-1137-g3ef0f4ec91 (webtiles) character file.

Game seed: 16312201303082751409

30 leviel the Covered (level 3, 0/29 HPs)
             Began as a Human Fighter on May 6, 2021.
             Slain by a hobgoblin (1 damage)
             ... led by Robin
             ... on level 2 of the Dungeon.
             The game lasted 00:01:06 (947 turns).

leviel the Covered (Human Fighter)                   Turns: 947, Time: 00:01:06

Health: 0/29       AC:  6    Str: 14 (17) XL:     3   Next: 35%
Magic:  3/3        EV:  6    Int:  6 (8)  God:
Gold:   41         SH:  8    Dex:  9 (12) Spells: 2/2 levels left

rFire    . . .     SeeInvis .   a - +0 war axe
rCold    + . .     Faith    .   c - +0 kite shield
rNeg     . . .     Spirit   .   b - +0 scale mail
rPois    .         Reflect  .   (no helmet)
rElec    .         Harm     .   (no cloak)
rCorr    .         Rampage  .   (no gloves)
Will     .....                  (no boots)
Stlth    ..........             (no amulet)
HPRegen  0.09/turn              f - ring of protection from cold
MPRegen  0.08/turn              (no ring)

@: mighty, lethally poisoned (0 -> -2)
A: no striking features
a: no special abilities


You were on level 2 of the Dungeon.
You visited 1 branch of the dungeon, and saw 2 of its levels.

You collected 41 gold pieces.

Inventory:

Hand Weapons
 a - a +0 war axe (weapon)
Armour
 b - a +0 scale mail (worn)
 c - a +0 kite shield (worn)
Jewellery
 f - a ring of protection from cold (left hand)
Scrolls
 e - 2 scrolls of identify {unknown}
 g - a scroll of fear {unknown}
 h - a scroll of acquirement {unknown}
 i - a scroll of blinking {unknown}


   Skills:
 * Level 3.3 Fighting
 + Level 2.5 Axes
 + Level 3.4 Armour
 + Level 3.1 Shields


You had 2 spell levels left.
You didn't know any spells.
Your spell library was empty.

Dungeon Overview and Level Annotations

Branches:
Dungeon (2/15)

Altars:

Shops:
D:2 (

Annotations:
D:2 Robin


Message History

Robin hits you with a +2 short sword of venom.
You are more poisoned.
You hit Robin.
Robin is moderately wounded.
You hit the hobgoblin.
You kill the hobgoblin!
You hit the hobgoblin but do no damage.
* * * LOW HITPOINT WARNING * * *
You feel very sick. You block the hobgoblin's attack.
Robin says, "Kneel, worm!"
You block Robin's attack.
A goblin comes into view. It is wielding a +0 dagger.
The hobgoblin barely misses you.
You hit Robin.
Robin is moderately wounded.
You barely miss the hobgoblin. You slash the hobgoblin!
You kill the hobgoblin!
* * * LOW HITPOINT WARNING * * *
You feel sick. You block the hobgoblin's attack. Robin closely misses you.
The hobgoblin hits you but does no damage.
Robin barely misses you.
It was a potion of degeneration.
There was something very wrong with that liquid.
You feel weakened.
You feel dopey.
You feel clumsy.
* * * LOW HITPOINT WARNING * * *
You feel sick. The goblin hits you but does no damage.
The hobgoblin closely misses you.
Robin roars a battlecry!
The goblin goes into a battle-frenzy!
You barely miss Robin.
Robin is moderately wounded.
You barely miss the goblin. You barely miss the hobgoblin.
* * * LOW HITPOINT WARNING * * *
You feel sick.
The hobgoblin no longer looks unusually strong.
The goblin hits you with a +0 club.
* * * LOW HITPOINT WARNING * * *
The hobgoblin hits you.
You die...

####### ## .....
..+ ###≈≈≈##.##.
#.≈≈≈≈≈.....
#.≈≈∩≈≈#
######.≈≈.≈≈#
#.......≈.≈## ##
#.#...>##.####..#
#<#+#...#.†.@gg.#
#....##.+..)gg...#
#....+ .#......#.#
#....# #########
.# #....# #....#
#....# #....#
#....#


You could see Robin, a hobgoblin and 2 goblins.

Vanquished Creatures
  4 endoplasms (D:1)
  2 giant cockroaches (D:1)
  2 goblins
  8 hobgoblins
  4 ball pythons (D:1)
  A bat (D:2)
  2 frilled lizards (D:1)
  2 rats (D:1)
25 creatures vanquished.

Notes
Turn   | Place    | Note
-------+----------+-------------------------------------------
     0 | D:1      | leviel the Human Fighter began the quest for the Orb.
     0 | D:1      | Reached XP level 1. HP: 18/18 MP: 1/1
    98 | D:1      | Reached XP level 2. HP: 16/24 MP: 2/2
   752 | D:1      | Reached XP level 3. HP: 28/29 MP: 3/3
   866 | D:1      | Found a faded altar of an unknown god.
   918 | D:2      | Found Ihuana Wemi's Weapon Boutique.
   937 | D:2      | Noticed Robin
   947 | D:2      | HP: 1/29 [goblin/+0 club[Robin] (2)]
   947 | D:2      | Slain by a hobgoblin

Illustrated notes

Levels and vault maps discovered:
D:1:      minmay_arrival_jagged, layout_rooms,
          hellmonk_ecumenical_altar_run_dry, grunt_decor_cap, minmay_octomino_e4
D:2:      layout_basic, serial_shops, shop, nicolae_shop_waterfront,
          uniq_sigmund, uniq_jessica, uniq_robin

Action                   || total
-------------------------++-------
Melee: War axe           ||    71
  Use: Potion            ||     2
Armor: Scale mail        ||    28
Dodge: Dodged            ||    39
Block: Kite shield       ||    40

Table legend: (Time is in decaauts)
 A = Elapsed time spent in this place.
 B = Non-inter-level travel time spent in this place.
 C = Inter-level travel time spent in this place.
 D = Time resting spent in this place.
 E = Time spent auto-exploring this place.
 F = Levels seen in this place.
 G = Mean time per level.
                   A        B        C        D        E       F      G
               +--------+--------+--------+--------+--------+-----+--------+
         Total |    990 |    968 |     22 |    129 |    659 |   2 |  495.0 |
       Dungeon |    990 |    968 |     22 |    129 |    659 |   2 |  495.0 |
               +--------+--------+--------+--------+--------+-----+--------+

Top non-repeatable levels by time:
     D:1: 954 daAuts
     D:2: 36 daAuts
